 Dungeon Crawl Stone Soup version 0.30.2 (webtiles) character file.

Game seed: 12290951844247432126

198 Ashen the Ogre Mage (level 5, 0/49 HPs)
             Began as an Ogre Hedge Wizard on Jan 22, 2024.
             Slain by a scorpion (7 damage)
             ... on level 4 of the Dungeon.
             The game lasted 00:08:16 (4612 turns).

Ashen the Ogre Mage (Ogre Hedge Wizard)             Turns: 4612, Time: 00:08:17

Health: 0/49       AC:  3    Str: 14    XL:     5   Next: 76%
Magic:  1/11       EV: 10    Int: 17    God:
Gold:   113        SH:  5    Dex:  8    Spells: 2/13 levels left

rFire   . . .        p - +0 flail
rCold   . . .        (no shield)
rNeg    . . .        b - +0 robe
rPois   .            c - +0 hat
rElec   .            (no cloak)
rCorr   .            (gloves unavailable)
SInv    .            (boots unavailable)
Will    .....        e - amulet of reflection
Stlth   ++           (no ring)
HPRegen 0.28/turn    (no ring)
MPRegen 0.12/turn

%: reflection
@: lethally poisoned (0 -> -9)
A: large, unfitting armour, tough skin 1
a: no special abilities


You were on level 4 of the Dungeon.
You visited 1 branch of the dungeon, and saw 4 of its levels.

You collected 113 gold pieces.

Inventory:

Hand Weapons
 p - a +0 flail (weapon)
Armour
 b - a +0 robe (worn)
 c - a +0 hat (worn)
Jewellery
 e - an amulet of reflection (around neck)
Wands
 a - a wand of quicksilver (6)
 i - a wand of polymorph (2)
 t - a wand of flame (16)
Scrolls
 h - 2 scrolls of identify {unknown}
 k - a scroll of torment {unknown}
 l - a scroll of amnesia {unknown}
 n - 2 scrolls of teleportation {unknown}
 o - a scroll of fog {unknown}
 s - a scroll of brand weapon {unknown}
Potions
 d - a potion of magic
 f - a potion of cancellation {unknown}
 g - a potion of might {unknown}
 j - 4 potions of heal wounds {unknown}
 m - a potion of resistance {unknown}
 q - a potion of lignification {unknown}
 r - a potion of haste {unknown}


   Skills:
 + Level 2.2 Fighting
 + Level 1.5 Maces & Flails
 + Level 2.4 Dodging
 + Level 2.0 Stealth
 * Level 4.6 Spellcasting
 * Level 2.5 Conjurations
 - Level 1.0 Summonings
 - Level 1.0 Translocations


You had 2 spell levels left.
You knew the following spells:

 Your Spells              Type           Power      Damage    Failure   Level
a - Magic Dart            Conj           48%        1d5       5%          1
b - Slow                  Hex            12%        N/A       16%         1
c - Blink                 Tloc           14%        N/A       16%         2
d - Call Imp              Summ           14%        N/A       16%         2
e - Cigotuvi's Dreadful   Necr/Pois/Air  6%         N/A       22%         2
f - Mephitic Cloud        Conj/Pois/Air  6%         N/A       32%         3

Your spell library contained the following spells:

 Spells                   Type           Power      Damage    Failure   Level
 Poisonous Vapours        Pois/Air       6%         N/A       22%         2
 Dazzling Flash           Conj/Hex       16%        N/A       26%         3
 Call Canine Familiar     Summ           7%         N/A       30%         3
 Portal Projectile        Hex/Tloc       10%        N/A       36%         3
 Leda's Liquefaction      Hex/Erth       1%         N/A       83%         4
 Freezing Cloud           Conj/Ice/Air   3%         6-21      96%         5
 Agony                    Necr           3%         N/A       99%         5
 Silence                  Hex/Air        1%         N/A       99%         5


Dungeon Overview and Level Annotations

Branches:
Dungeon (4/15)
 Temple: D:4-7

Altars:

Shops:
D:2 [[:   D:3 =

Annotations:
D:4 exclusion: black bear


Innate Abilities, Weirdness & Mutations

You are too large for most types of armour.
You have tough skin. (AC +1)


Message History

Unknown command.
Casting: Magic Dart (safe; 5% risk of failure)
Confirm with . or Enter, or press ? or * to list all spells.
Aiming: Magic Dart (safe; 5% risk of failure)
Press: ? - help, Shift-Dir - straight line, f/p - scorpion
Aim: a scorpion (severely wounded, 100% to hit)
The magic dart hits the scorpion but does no damage.
The scorpion is severely wounded.
You feel sick. The scorpion stings you. The scorpion barely misses you.
Unknown command.
Casting: Magic Dart (safe; 5% risk of failure)
Confirm with . or Enter, or press ? or * to list all spells.
Aiming: Magic Dart (safe; 5% risk of failure)
Press: ? - help, Shift-Dir - straight line, f/p - scorpion
Aim: a scorpion (severely wounded, 100% to hit)
The magic dart hits the scorpion.
The scorpion is almost dead.
You feel sick. The scorpion barely misses you.
Unknown command.
You hit the scorpion but do no damage.
The scorpion is almost dead.
You feel sick. The scorpion stings you.
You closely miss the scorpion.
The scorpion is almost dead.
You feel sick.
You are no longer poisoned.
You block the scorpion's attack. x2
You closely miss the scorpion.
The scorpion is almost dead.
The scorpion stings you.
You are poisoned.
The scorpion poisons you! The scorpion stings you.
* * * LOW HITPOINT WARNING * * *
Unknown command.
You closely miss the scorpion.
The scorpion is almost dead.
* * * LOW HITPOINT WARNING * * *
You feel very sick. The scorpion stings you!
You die...

..................#####
.......................
......................
......................
#.........##########
####.........#####
......>..........#
##########...#######.#.#
................@s......
..#######...##.#####.#.#
..# #...##... ).#
#...###### ..# h....+
.[# .##...# ..# #....
..# #...?. ..#


You could see a scorpion.

Vanquished Creatures
  Natasha (twice) (D:2)
  5 adders
  A worm (D:3)
  2 dart slugs
  2 orcs (D:3)
  7 bats
  9 endoplasms
  3 giant cockroaches
  9 goblins
  A hobgoblin (D:2)
  4 jackals (D:1)
  2 quokkas (D:1)
  7 ball pythons
  3 frilled lizards (D:1)
  7 kobolds
  7 rats
71 creatures vanquished.

Vanquished Creatures (collateral kills)
  Natasha (D:2)
1 creature vanquished.

Grand Total: 72 creatures vanquished

Notes
Turn   | Place    | Note
-------+----------+-------------------------------------------
     0 | D:1      | Ashen the Ogre Hedge Wizard began the quest for the Orb.
     0 | D:1      | Reached XP level 1. HP: 16/16 MP: 5/5
    84 | D:1      | Reached skill level 1 in Conjurations
   203 | D:1      | Reached skill level 1 in Summonings
   203 | D:1      | Reached skill level 1 in Translocations
   267 | D:1      | Reached XP level 2. HP: 26/26 MP: 0/6
   604 | D:1      | Found a faded altar of an unknown god.
   833 | D:1      | Reached skill level 1 in Fighting
   833 | D:1      | Reached XP level 3. HP: 27/33 MP: 6/8
  1539 | D:1      | Reached skill level 4 in Spellcasting
  1743 | D:2      | Noticed Natasha
  1752 | D:2      | Found Pokebe's Book Shoppe.
  1758 | D:2      | HP: 1/33 [Natasha (3)]
  1760 | D:2      | Killed Natasha
  1761 | D:2      | Reached skill level 1 in Maces & Flails
  1761 | D:2      | Reached XP level 4. HP: 1/41 MP: 1/10
  2073 | D:2      | Learned a level 1 spell: Slow
  2076 | D:2      | Learned a level 2 spell: Blink
  2079 | D:2      | Learned a level 2 spell: Call Imp
  2082 | D:2      | Learned a level 2 spell: Cigotuvi's Dreadful Rot
  2086 | D:2      | Learned a level 3 spell: Mephitic Cloud
  2509 | D:2      | Noticed Natasha
  2595 | D:2      | Found Anucott's Armour Shoppe.
  2664 | D:2      | Found Juxkuifu's Antique Armour Shoppe.
  2856 | D:2      | Killed Natasha
  2857 | D:2      | Reached XP level 5. HP: 49/49 MP: 6/11
  2972 | D:2      | Noticed Natasha
  2977 | D:2      | Killed Natasha
  3015 | D:2      | Found Anucott's Armour Shoppe.
  3517 | D:2      | Found Pokebe's Book Shoppe.
  3576 | D:2      | Found Juxkuifu's Antique Armour Shoppe.
  4081 | D:3      | Found Cuemuq's Jewellery Shop.
  4593 | D:4      | Noticed a black bear
  4612 | D:4      | Slain by a scorpion

Illustrated notes

Levels and vault maps discovered:
D:1:      ncdulo_watergridlock, layout_basic, ebering_ecumenical_altar_hall,
          st_stairs_6, minmay_pentomino_o2
D:2:      layout_loops_ring, serial_shops, shop,
          nicolae_shop_pleasant_corner_grove, shop, hangedman_decor_lopped,
          minmay_misc_feat_five, uniq_natasha
D:3:      layout_loops_ring, serial_shops, shop
D:4:      layout_basic, grunt_ministairs_15, hangedman_decor_growths,
          uniq_sigmund

Skill      XL: |  1  2  3  4  5 |
---------------+----------------+-----
Conjurations   | 1 2 |  2.5
Summonings     | 1 |  1.0
Translocations | 1 |  1.0
Fighting       | 1 2 |  2.2
Dodging        | 2 |  2.4
Spellcasting   | 4 |  4.6
Maces & Flails | 1 |  1.5
Stealth        | 2 |  2.0

Action                     |  1- 3 |  4- 6 || total
---------------------------+-------+-------++-------
  Melee: Dagger            |    24 |       ||    24
         Whip              |    54 |       ||    54
         Unarmed           |       |    19 ||    19
         Flail             |       |    17 ||    17
   Cast: Magic Dart        |    68 |   101 ||   169
         Call Imp          |       |     3 ||     3
 Armour: Robe              |    32 |     7 ||    39
         Skin              |       |     1 ||     1
  Dodge: Dodged            |    40 |    29 ||    69
  Block: Other             |       |    13 ||    13
         Reflection        |       |     1 ||     1
